 Dungeon Sprint DCSS version 0.23-a0-629-gae4348f (webtiles) character file.

76 Lanoc the Cudgeler (level 4, -5/72 HPs)
             Began as a Troll Berserker on Dec 27, 2018.
             Was a Priest of Trog.
             Shot with an arrow by a centaur (10 damage)
             ... in the Dungeon (Sprint IX: "|||||||||||||||||||||||||||||").
             The game lasted 00:00:17 (41 turns).

Lanoc the Cudgeler (Troll Berserker)                  Turns: 41, Time: 00:00:19

Health: -5/72      AC:  1    Str: 31    XL:     4   Next: 12%
Magic:  3/3        EV: 11    Int:  3    God:    Trog [***...]
Gold:   0          SH:  0    Dex:  9    Spells: 3/3 levels left

rFire    . . .     SeeInvis .   a - +0 mace
rCold    . . .     Gourm    +   (no shield)
rNeg     . . .     Faith    .   b - +0 animal skin
rPois    .         Spirit   .   (helmet restricted)
rElec    .         Reflect  .   (no cloak)
rCorr    .         Harm     .   (gloves unavailable)
MR       .....     NoTele   +   (boots unavailable)
Stlth    ..........             (no amulet)
HPRegen  0.62/turn              (no ring)
MPRegen  0.08/turn              (no ring)

@: berserking, corroded, very quick
A: large, unfitting armour, claws 3, fast metabolism 3, gourmand, regeneration
1, shaggy fur 1, tough skin 2
a: Berserk, Trog's Hand, Renounce Religion


You were in the Dungeon.
You worshipped Trog.
Trog was most pleased with you.
You were not hungry.

You visited 1 branch

Inventory:

Hand Weapons
 a - a +0 mace (weapon)
Armour
 b - a +0 animal skin (worn)
Scrolls
 i - a scroll of blinking
Potions
 d - a potion of curing
 e - a potion of heal wounds
 f - a potion of haste
 g - 2 potions of magic
 h - a potion of berserk rage
Comestibles
 c - 2 rations


   Skills:
 + Level 3.8 Fighting
 * Level 5.4 Maces & Flails
 + Level 2.7 Armour
 + Level 3.8 Dodging


You had 3 spell levels left.
You didn't know any spells.
Your spell library was empty.

Dungeon Overview and Level Annotations

Branches:
Dungeon (1/1)

Altars:


Innate Abilities, Weirdness & Mutations

You are too large for most types of armour.
You have claws for hands.
Your metabolism is lightning-fast.
You like to eat raw meat.
Your natural rate of healing is unusually fast.
You are covered in fur. (AC +1)
You have very tough skin. (AC +2)


Message History

You feel stronger. x2
You thump the adder!
The adder is almost dead.
The adder bites you.
* * * LOW HITPOINT WARNING * * *
You sock the adder!
You feel the power of Trog in you as your rage grows.
You kill the adder!
Trog accepts your kill.
You sock the hound!
The hound is almost dead.
The hound barely misses you.
You thump the hound!
You kill the hound!
Trog accepts your kill.
Your Maces & Flails skill increases to level 5!
You have reached level 4!
The centaur wields a +0 shortbow.
The centaur shoots an arrow.
The arrow hits you!
You die... ▓▓▓▓▓▓▓▓▓▓▓▓▓▓▓▓▓▓ ▓<...)....@†c....+ ▓▓▓▓▓▓▓▓▓▓▓▓▓▓▓▓▓▓

You could see a centaur.

Vanquished Creatures
  A hound (D)
  A jelly (D)
  An adder (D)
  A dart slug (D)
  A bat zombie (D)
  A giant cockroach (D)
  A bat (D)
  A kobold (D)
  A rat (D)
9 creatures vanquished.

Notes
Turn   | Place    | Note
-------+----------+-------------------------------------------
     0 | D        | Lanoc the Troll Berserker began the quest for the Orb.
     0 | D        | Reached XP level 1. HP: 22/22 MP: 0/0
     9 | D        | Reached skill level 3 in Maces & Flails
    12 | D        | Reached ** piety under Trog
    15 | D        | Reached skill level 1 in Armour
    24 | D        | Noticed a jelly
    24 | D        | Noticed a hound
    24 | D        | Noticed a centaur
    37 | D        | Killed a jelly
    37 | D        | Reached *** piety under Trog
    37 | D        | Reached skill level 4 in Maces & Flails
    37 | D        | Reached XP level 2. HP: 5/31 MP: 1/1
    37 | D        | Reached XP level 3. HP: 6/37 MP: 2/2
    41 | D        | Reached skill level 5 in Maces & Flails
    41 | D        | Reached XP level 4. HP: 5/48 MP: 3/3
    41 | D        | Shot with an arrow by a centaur

Vault maps used:
D:        linesprint

Skill      XL: |  1  2  3 |
---------------+----------+-----
Maces & Flails | 4 5 |  5.4
Armour         | 2 |  2.7
Fighting       | 3 |  3.8
Dodging        | 3 |  3.8

Action                   |  1- 3 |  4- 6 || total
-------------------------+-------+-------++-------
Melee: Mace              |    30 |       ||    30
Invok: Berserk           |     1 |       ||     1
Armor: Animal skin       |     8 |       ||     8
Dodge: Dodged            |    20 |       ||    20

Table legend:
 A = Non-vault XP
 B = Vault XP
 C = Vault XP percentage of total XP
 D = Non-vault monster count
 E = Vault monster count
 F = Vault count percentage of total count
                 A         B        C        D         E       F
            +---------+---------+-------+---------+---------+-------
      Total |       0 |     109 | 100.0 |       0 |       9 | 100.0
            +---------+---------+-------+---------+---------+-------
          D |       0 |     109 | 100.0 |       0 |       9 | 100.0
            +---------+---------+-------+---------+---------+-------
